 Dungeon Crawl Stone Soup version 0.31-a0-455-g1a7b003ef0 (webtiles) character file.

Game seed: 5377104733958535514

196 Adrian566 the Changeling (level 5, -1/37 HPs)
             Began as a Demonspawn Shapeshifter on Aug 3, 2023.
             Was an Initiate of Gozag.
             Slain by a gnoll
             ... wielding a +0 flail
             ... led by a gnoll bouda
              (6 damage)
             ... on level 4 of the Dungeon.
             The game lasted 00:03:36 (3246 turns).

Adrian566 the Changeling (Demonspawn Shapeshifter)  Turns: 3246, Time: 00:03:36

Health: -1/37      AC:  4    Str: 17    XL:     5   Next: 46%
Magic:  14/14      EV: 11    Int:  9    God:    Gozag
Gold:   30         SH:  4    Dex: 16    Spells: 4/4 levels left

rFire   . . .        j - +0 hand axe
rCold   . . .        h - +0 buckler
rNeg    . . .        l - +1 leather armour
rPois   +            (helmet currently unavailable)
rElec   .            (cloak currently unavailable)
rCorr   .            (gloves currently unavailable)
SInv    .            (boots currently unavailable)
Will    .....        e - amulet of the acrobat
Stlth   ++           f - ring of poison resistance
HPRegen 0.26/turn    g - ring of magical power
MPRegen 0.14/turn

%: acrobat
@: beast-form, weakened, hasted, very quick
A: beast (slay +2), thin skeletal structure 1, foul stench 1, weakness stinger 1
a: Begin Untransformation, Renounce Religion, Potion Petition, Call Merchant,
Bribe Branch


You were on level 4 of the Dungeon.
You worshipped Gozag.
Gozag was noncommittal.
You were a hulking beast.
You visited 2 branches of the dungeon, and saw 5 of its levels.

You collected 199 gold pieces.
You spent 96 gold pieces at shops.
You paid 73 gold pieces to Gozag.

Inventory:

Hand Weapons
 j - a +0 hand axe (weapon)
Armour
 h - a +0 buckler (worn)
 l - a +1 leather armour (worn)
Jewellery
 e - an amulet of the acrobat (around neck)
 f - a ring of poison resistance (left hand)
 g - a ring of magical power (right hand)
 m - a ring of protection from cold
 o - an amulet of regeneration
Talismans
 c - a beast talisman (active)
Scrolls
 d - 2 scrolls of enchant armour
 k - a scroll of identify
Potions
 a - 2 potions of mutation
 b - 2 potions of lignification
 i - 2 potions of haste


   Skills:
 + Level 1.6 Fighting
 + Level 1.7 Axes
 + Level 1.0 Armour
 + Level 2.1 Dodging
 + Level 0.8 Stealth
 + Level 0.3 Shields
 + Level 3.1 Unarmed Combat
 * Level 3.8 Shapeshifting


You had 4 spell levels left.
You didn't know any spells.
Your spell library contained the following spells:

 Spells                   Type           Power      Damage    Failure   Level
 Magic Dart               Conj           0%         1d3       54%         1
 Call Imp                 Summ           0%         N/A       69%         2
 Ensorcelled Hibernation  Hex/Ice        0%         N/A       69%         2
 Searing Ray              Conj           0%         2d4       69%         2
 Mephitic Cloud           Conj/Pois/Air  0%         N/A       89%         3
 Anguish                  Hex/Necr       0%         N/A       100%        4
 Fulminant Prism          Conj/Hex       0%         3d5       100%        4
 Conjure Ball Lightning   Conj/Air       0%         3x3d6     100%        6
 Discord                  Hex            0%         N/A       100%        8
 Disjunction              Tloc           0%         N/A       100%        8


Dungeon Overview and Level Annotations

Branches:
Dungeon (4/15)             Temple (1/1) D:4

Altars:
Ashenzari
Cheibriados
Gozag
Hepliaklqana
Nemelex Xobeh
Okawaru
Qazlal
Trog
Uskayaw
Vehumet
Wu Jian
Xom

Shops:
D:3 !


Innate Abilities, Weirdness & Mutations

You are a hulking beast.
Your limbs bulge with bestial killing power. (Slay +2)
You have a somewhat thin skeletal structure. (Dex +2, Stealth+)
You may rarely emit foul miasma when damaged in melee.
You have a small tail.


Message History

The gnoll bouda closely misses you.
You hit the gnoll bouda.
The gnoll bouda is severely wounded.
The gnoll is no longer distracted by gold.
The gnoll is distracted by your dazzling golden aura.
The gnoll shouts!
You hit the gnoll bouda.
The gnoll bouda is almost dead.
The gnoll bouda utters an invocation to its god.
The gnoll bouda is healed somewhat.
You hit the gnoll bouda but do no damage.
Your tail-slap misses the gnoll bouda.
The gnoll bouda is severely wounded.
The gnoll bouda misses you.
You hit the gnoll bouda.
The gnoll bouda is almost dead.
The gnoll is no longer distracted by gold.
The gnoll bouda gazes fiercely through you!
You feel your attacks grow feeble. The gnoll bouda closely misses you.
You hit the gnoll bouda.
You kill the gnoll bouda!
The gnoll barely misses you.
Your Armour skill increases to level 1!
You hit the gnoll.
The gnoll is moderately wounded.
You hit the gnoll.
The gnoll is moderately wounded.
The gnoll hits you with a +0 flail!
You barely miss the gnoll.
The gnoll is moderately wounded.
The gnoll hits you with a +0 flail!
* * * LOW HITPOINT WARNING * * *
You barely miss the gnoll. You tail-slap the gnoll.
The gnoll is heavily wounded.
The gnoll misses you.
As you read the scroll labelled XIMYGA AWOALIXKY, it dissolves into smoke.
It was a scroll of fog.
The gnoll hits you with a +0 flail.
You die...
Your body crumbles into a pile of gold.

#!..##g.$.#
###......#
#.....$#
#.##gK##
#.K$###
#...#=gS#
#.#####.# ..
#K######
#######
#ggh§§.# #...#
######.# ####
#...# #.##
#..# # #...#
#..###.## .
#...# ##.....#
.. #...#
####.#######..
#...#####
#..........##
##......##
##.######)....
###.##..##
#..# #.####


You could see 2 gnolls and a kobold.

Vanquished Creatures
  An orc priest (D:3)
  A gnoll bouda (D:4)
  A hound (D:4)
  An orc wizard (D:3)
  2 adders (D:2)
  A dart slug (D:1)
  4 orcs
  2 ball pythons
  9 bats
  6 endoplasms
  6 goblins
  7 hobgoblins
  5 quokkas
  4 frilled lizards
  9 kobolds
  3 rats
62 creatures vanquished.

Notes
Turn   | Place    | Note
-------+----------+-------------------------------------------
     0 | D:1      | Adrian566 the Demonspawn Shapeshifter began the quest for
                  | the Orb.
     0 | D:1      | Reached XP level 1. HP: 15/15 MP: 1/1
   207 | D:1      | Gained mutation: You may rarely emit foul miasma when
                  | damaged in melee. [demonic ancestry]
   207 | D:1      | Reached XP level 2. HP: 21/21 MP: 2/2
   465 | D:1      | You fall into a shaft and drop 1 floor!
   880 | D:2      | Gained mutation: You have a somewhat thin skeletal
                  | structure. (Dex +2, Stealth+) [demonic ancestry]
   880 | D:2      | Reached XP level 3. HP: 11/26 MP: 3/3
  1185 | D:2      | Found a faded altar of an unknown god.
  1808 | D:3      | Found Rodwuh's Distillery.
  1817 | D:3      | Bought a potion of mutation for 96 gold pieces
  1951 | D:3      | Gained mutation: You have a small tail. [demonic ancestry]
  1951 | D:3      | Reached XP level 4. HP: 32/32 MP: 4/4
  2149 | D:3      | Reached skill level 1 in Axes
  2681 | D:3      | Reached XP level 5. HP: 36/37 MP: 5/5
  3077 | D:4      | Found a staircase to the Ecumenical Temple.
  3158 | Temple   | Entered the Ecumenical Temple
  3173 | Temple   | Became a worshipper of Gozag Ym Sagoz the Greedy
  3242 | D:4      | Reached skill level 1 in Armour
  3246 | D:4      | Slain by a gnoll

Illustrated notes

Levels and vault maps discovered:
D:1:      dpeg_arrival_tiny_a, layout_loops_ring, serial_glass, glass_columns_a,
          glass_columns_a, reono_crystal_passage, nicolae_twisty_statue_hallways
D:2:      minmay_kobold_bridge, layout_loops_ring, basic_ecumenical_altar,
          chequers_decorated_corner, kennysheep_potato
D:3:      layout_loops_ring, serial_shops, nicolae_shop_industrial_runoff,
          serial_aquarium, aquarium_bridge_square [aquarium_subvault_bridge,
          aquarium_subvault_wall, aquarium_subvault_balcony,
          aquarium_subvault_window], aquarium_window_fake,
          aquarium_window_corridor_3, aquarium_view_2d, aquarium_balcony_5b,
          aquarium_pool_2, serial_bayou_lagoon_a
D:4:      layout_rooms, nicolae_dithmenos_through_a_glass_darkly,
          minmay_temple_entry_gardened_gates
Temple:   hellmonk_temple_two_chambers

Skill      XL: |  1  2  3  4  5 |
---------------+----------------+-----
Shapeshifting  | 3 |  3.8
Unarmed Combat | 3 |  3.1
Axes           | 1 |  1.7
Dodging        | 2 |  2.1
Armour         | 1 |  1.0
Fighting       | |  1.6
Stealth        | |  0.8
Shields        | |  0.3

Action                     |  1- 3 |  4- 6 || total
---------------------------+-------+-------++-------
  Melee: Unarmed           |    34 |       ||    34
         Hand axe          |    74 |    74 ||   148
         Tailslap          |       |     7 ||     7
    Use: Scroll            |     5 |     1 ||     6
         Potion            |       |     2 ||     2
   Stab: Sleeping          |     2 |     1 ||     3
         Distracted        |       |     1 ||     1
 Armour: Animal skin       |    11 |       ||    11
         Leather armour    |     3 |    20 ||    23
  Dodge: Dodged            |    84 |    30 ||   114
  Block: Buckler           |    17 |    11 ||    28

Table legend: (Time is in decaauts)
 A = Elapsed time spent in this place.
 B = Non-inter-level travel time spent in this place.
 C = Inter-level travel time spent in this place.
 D = Time resting spent in this place.
 E = Time spent auto-exploring this place.
 F = Levels seen in this place.
 G = Mean time per level.
                   A        B        C        D        E       F      G
               +--------+--------+--------+--------+--------+-----+--------+
         Total |   3295 |   3178 |    117 |    327 |   2318 |   5 |  659.0 |
       Dungeon |   3275 |   3172 |    103 |    327 |   2318 |   4 |  818.8 |
        Temple |     19 |      5 |     14 |      0 |      0 |   1 |   19.0 |
               +--------+--------+--------+--------+--------+-----+--------+

Top non-repeatable levels by time:
     D:3: 1309 daAuts
     D:2: 956 daAuts
     D:1: 701 daAuts
     D:4: 308 daAuts
  Temple: 19 daAuts
